 Dungeon Crawl Stone Soup version 0.24-a0-123-ga2403f3 (console) character file.

Game seed: 14639404098999577672

198 Duffy the Chopper (level 5, -1/45 HPs)
             Began as a Naga Gladiator on Feb 22, 2019.
             Slain by an iguana (10 damage)
             ... on level 5 of the Dungeon.
             The game lasted 00:01:58 (2371 turns).

Duffy the Chopper (Naga Gladiator)                  Turns: 2371, Time: 00:01:58

Health: -1/45      AC:  4    Str: 16    XL:     5   Next: 76%
Magic:  5/5        EV: 10    Int: 10    God:
Gold:   204        SH:  0    Dex: 12    Spells: 4/4 levels left

rFire    . . .     SeeInvis +   a - +0 war axe
rCold    . . .     Gourm    .   (no shield)
rNeg     . . .     Faith    .   b - +0 leather armour
rPois    +         Spirit   .   c - +0 helmet
rElec    .         Reflect  .   (no cloak)
rCorr    .         Harm     .   (no gloves)
MR       .....                  (no barding)
Stlth    +.........             (no amulet)
HPRegen  0.15/turn              p - ring of flight
MPRegen  0.09/turn              (no ring)

@: very slow
A: large, see invisible, deformed body, poison resistance, slowness 2, slow
metabolism 1, spit poison 1, AC +1
a: Spit Poison, Evoke Flight


You were on level 5 of the Dungeon.
You were not hungry.

You visited 1 branch of the dungeon, and saw 5 of its levels.

You collected 204 gold pieces.

Inventory:

Hand Weapons
 a - a +0 war axe (weapon)
Missiles
 d - 3 throwing nets (quivered)
Armour
 b - a +0 leather armour (worn)
 c - a +0 helmet (worn)
Jewellery
 p - a ring of flight (left hand)
Wands
 i - a wand of iceblast (8)
Scrolls
 e - a scroll of fear {unknown}
 h - a scroll of random uselessness {unknown}
 j - a scroll of amnesia {unknown}
 k - a scroll of magic mapping {unknown}
 m - 2 scrolls of identify {unknown}
 n - a scroll of fog {unknown}
 o - a scroll of enchant armour {unknown}
Potions
 g - a potion of haste {unknown}
 l - 2 potions of heal wounds {unknown}
Comestibles
 f - 3 rations


   Skills:
 - Level 2.0 Fighting
 + Level 6.2 Axes
 - Level 1.7 Throwing
 - Level 2.4 Dodging


You had 4 spell levels left.
You didn't know any spells.
Your spell library was empty.

Dungeon Overview and Level Annotations

Branches:
Dungeon (5/15)
 Temple: D:4-7

Altars:
Zin


Innate Abilities, Weirdness & Mutations

You cannot wear boots.
Your serpentine skin is tough. (AC +1)
You have supernaturally acute eyesight. (SInv)
Armour fits poorly on your strangely shaped body.
Your system is resistant to poisons. (rPois)
You cover ground very slowly.
You have a slow metabolism.
You can spit poison.


Message History

The splash of poison hits the water moccasin skeleton.
The water moccasin skeleton completely resists.
The water moccasin skeleton is almost destroyed.
You feel slightly more hungry. The water moccasin skeleton bites you.
You barely miss the water moccasin skeleton.
The water moccasin skeleton is almost destroyed.
The water moccasin skeleton bites you. x2
You are too injured to fight recklessly!
You are too injured to fight recklessly!
You are too injured to fight recklessly!
You are too injured to fight recklessly!
You hit the water moccasin skeleton.
You destroy the water moccasin skeleton!
Your Axes skill increases to level 6!
You have got your breath back.
The iguana bites you!
You slash the iguana!
The iguana is heavily wounded.
The iguana bites you!
You die...

## . ...#######.
##...........
..#......#.#
.......... #.
.......#...#
#...######......#...#
#.......l@......#...#
%........##..#####...#
......5..##...####...#
.....##0###.....##...#
..... #.#
#.....##...#######
.... #.#
#.....##.......... ...
....#.##.###.#.######.
... #............#.#
#. ............#.# #.


You could see an iguana and a crimson imp.

Vanquished Creatures
  A water moccasin skeleton (D:5)
  A howler monkey (D:3)
  A centaur skeleton (D:5)
  Robin (D:4)
  An adder (D:2)
  An ooze (D:2)
  A dart slug (D:3)
  A leopard gecko (D:2)
  An orc (D:3)
  3 bats
  5 giant cockroaches
  9 goblins
  11 hobgoblins
  6 jackals
  A quokka (D:4)
  2 frilled lizards (D:3)
  A kobold (D:3)
  A quokka skeleton (D:4)
  2 rats
50 creatures vanquished.

Notes
Turn   | Place    | Note
-------+----------+-------------------------------------------
     0 | D:1      | Duffy the Naga Gladiator began the quest for the Orb.
     0 | D:1      | Reached XP level 1. HP: 19/19 MP: 1/1
    50 | D:2      | Reached XP level 2. HP: 2/26 MP: 2/2
   791 | D:2      | Found a faded altar of an unknown god.
   896 | D:2      | Reached skill level 4 in Axes
  1033 | D:2      | Reached XP level 3. HP: 25/32 MP: 3/3
  1654 | D:3      | Found a glowing silver altar of Zin.
  1761 | D:3      | Reached skill level 5 in Axes
  1761 | D:3      | Reached XP level 4. HP: 4/39 MP: 4/4
  2139 | D:4      | Noticed Robin
  2189 | D:4      | Killed Robin
  2189 | D:4      | Reached XP level 5. HP: 35/45 MP: 5/5
  2297 | D:5      | Entered Level 5 of the Dungeon
  2370 | D:5      | Reached skill level 6 in Axes
  2371 | D:5      | Slain by an iguana

Levels and vault maps discovered:
D:1:      scummos_arrival_simple_fountains, layout_loops_ring
D:2:      layout_basic, first_ration, chequers_ecumenical_altar_simple_redux
D:3:      layout_loops_ring, zin_statuary, minmay_misc_feat_tiny
D:4:      layout_rooms, kennysheep_slug_shrine, temple_pool_b, uniq_robin
D:5:      layout_basic, vehumet_altar_wand_db, marbit_many_paths,
          ebering_ghost_rock_garden, chei_slow_surprise, uniq_duvessa,
          uniq_menkaure

Skill      XL: |  1  2  3  4  5 |
---------------+----------------+-----
Axes           | 4 5 6 |  6.2
Fighting       | |  2.0
Throwing       | |  1.7
Dodging        | |  2.4

Action                   |  1- 3 |  4- 6 || total
-------------------------+-------+-------++-------
Melee: War axe           |    86 |    41 ||   127
 Abil: Spit Poison       |     4 |     2 ||     6
  Eat: Chunk             |     2 |     1 ||     3
Armor: Leather armour    |    44 |    15 ||    59
Dodge: Dodged            |    72 |    33 ||   105

Table legend:
 A = Non-vault XP
 B = Vault XP
 C = Vault XP percentage of total XP
 D = Non-vault monster count
 E = Vault monster count
 F = Vault count percentage of total count
                 A         B        C        D         E       F
            +---------+---------+-------+---------+---------+-------
      Total |     244 |      39 |  13.8 |      37 |      13 |  26.0
            +---------+---------+-------+---------+---------+-------
        D:2 |      46 |       0 |   0.0 |      15 |       0 |   0.0
        D:3 |      89 |      12 |  11.9 |      18 |       6 |  25.0
        D:4 |       3 |      27 |  90.0 |       2 |       7 |  77.8
        D:5 |     106 |       0 |   0.0 |       2 |       0 |   0.0
            +---------+---------+-------+---------+---------+-------
